Map: Dusty Gorge

Players

GamerX

  • Race: Terran Terran
  • League: Gold
  • Spawn Location: 11:00

IPvSix

  • Race: Protoss Protoss
  • League: Diamond
  • Spawn Location: 9:00

Massa - Winner!

  • Race: Terran Terran
  • League: Gold
  • Spawn Location: 3:00

qqq - Winner!

  • Race: Zerg Zerg
  • League: Platinum
  • Spawn Location: 5:00

VOD

Have the link to the VOD?

Description

Time

  • Played on: May 23, 2020, 3:09 p.m.
  • Length: 5:00
Show
View Real Time Build Order
Export as new Build Order

GamerX Terran 

Build Orders:  

Get SALT Encoding   

  12  0:01  SCV  
  13  0:13  SCV  
  14  0:18  Supply Depot  
  14  0:25  SCV  
  15  0:40  SCV  
  15  0:41  Barracks  
  16  0:47  Refinery  
  16  0:59  SCV  
  17  1:11  SCV  
  18  1:23  SCV  
  19  1:31  Marine  
  20  1:34  Supply Depot  
  20  1:36  Orbital Command  
  20  2:02  Factory  
  20  2:11  Command Center  
  20  2:20  Barracks Reactor, SCV  
  21  2:32  SCV  
  21  2:44  SCV  
  22  2:54  Refinery  
  22  2:56  SCV, Factory Tech Lab  
  23  3:00  Marine x2  
  23  3:01  Starport  
  25  3:08  SCV  
  26  3:17  Marine  
  26  3:18  Marine  
  28  3:20  SCV  
  28  3:24  SCV  
  30  3:31  Siege Tank  
  30  3:32  SCV  
  34  3:35  Marine x2  
  34  3:38  Supply Depot  
  36  3:42  Starport Reactor  
  36  3:48  Barracks  
  36  3:49  SCV  
  36  3:50  SCV  
  36  3:53  Marine x2  
  40  4:02  SCV  
Show
View Real Time Build Order
Export as new Build Order

IPvSix Protoss 

Build Orders: Oracle Opening 

Get SALT Encoding   

  12  0:00  Probe  
  13  0:13  Probe  
  14  0:18  Pylon  
  14  0:25  Probe (Chrono Boost)  
  15  0:37  Probe (Chrono Boost)  
  15  0:41  Gateway  
  16  0:44  Probe (Chrono Boost)  
  16  0:48  Assimilator  
  17  0:52  Probe  
  18  1:04  Probe  
  19  1:05  Assimilator  
  19  1:09  Pylon  
  19  1:16  Probe  
  20  1:28  Probe  
  21  1:35  Cybernetics Core  
  21  1:37  Zealot  
  23  1:40  Probe  
  24  1:52  Probe  
  25  2:04  Probe  
  26  2:11  Stargate  
  26  2:13  Stalker  
  26  2:14  Warp Gate  
  28  2:21  Pylon  
  27  2:28  Probe  
  28  2:36  Shield Battery  
  28  2:52  Oracle (Chrono Boost)  
  31  3:06  Nexus  
  31  3:08  Probe  
  32  3:19  Oracle (Chrono Boost)  
  32  3:25  Probe  
  36  3:27  Pylon  
  38  3:37  Probe  
  39  3:43  Gateway  
  39  3:55  Probe  
  36  4:07  Probe  
  19  4:19  Probe  
  9  4:31  Probe  
  10  4:43  Probe  
Show
View Real Time Build Order
Export as new Build Order

Massa Terran - Winner!

Build Orders:  

Get SALT Encoding   

  12  0:11  Supply Depot  
  12  0:13  SCV  
  13  0:25  SCV  
  14  0:37  Barracks  
  14  0:39  SCV  
  15  0:52  SCV  
  15  0:56  Supply Depot  
  16  1:04  SCV  
  17  1:16  SCV  
  18  1:28  SCV  
  18  1:32  Barracks  
  19  1:33  Supply Depot  
  19  1:37  Marine, Supply Depot  
  20  1:55  Marine  
  20  1:59  Barracks  
  21  2:13  Marine  
  22  2:23  Marine  
  22  2:27  Barracks  
  23  2:31  Marine  
  23  2:44  Marine  
  23  2:45  Marine  
  23  2:49  Marine  
  26  2:54  Orbital Command  
  26  2:55  Refinery  
  26  3:02  Marine  
  26  3:03  Marine  
  26  3:04  Supply Depot  
  28  3:06  Marine  
  29  3:16  Marine  
  30  3:20  Marine  
  30  3:21  Marine  
  30  3:24  Marine  
  30  3:25  SCV  
  34  3:34  Marine  
  34  3:37  SCV  
  34  3:38  Marine x2  
  38  3:42  Marine  
  39  3:52  Marine  
  40  3:56  Marine x2  
  40  4:00  Marine  
  43  4:09  Marine  
  43  4:14  Marine x2  
  45  4:18  Marine  
  46  4:24  Factory  
  46  4:27  Marine  
  46  4:31  Marine  
  46  4:32  Marine  
  46  4:35  Marine  
Show
View Real Time Build Order
Export as new Build Order

qqq Zerg - Winner!

Build Orders: Hatch First 

Get SALT Encoding   

  12  0:04  Drone  
  13  0:08  Drone  
  14  0:38  Hatchery  
  13  0:53  Spawning Pool  
  12  1:02  Overlord  
  12  1:03  Drone  
  13  1:07  Extractor  
  13  1:11  Drone  
  13  1:16  Drone  
  14  1:28  Drone  
  15  1:48  Queen  
  15  1:50  Queen  
  19  1:55  Drone  
  20  2:03  Zergling x2  
  20  2:04  Zergling x2  
  20  2:06  Drone  
  23  2:14  Metabolic Boost  
  23  2:20  Zergling x2  
  24  2:23  Drone  
  25  2:31  Overlord  
  25  2:35  Zergling x2  
  26  2:38  Drone  
  26  2:43  Zergling x2  
  28  2:49  Overlord  
  28  2:53  Zergling x2  
  29  3:00  Zergling x4  
  29  3:03  Zergling x2  
  32  3:05  Drone  
  32  3:09  Zergling x2  
  34  3:13  Zergling x2  
  35  3:21  Drone  
  35  3:23  Overlord  
  35  3:26  Zergling x2  
  37  3:34  Zergling x4  
  30  3:56  Zergling x6  
  30  3:57  Zergling x8  
  30  3:58  Zergling x2  
  35  4:10  Zergling x4  
  35  4:29  Zergling x4  
  35  4:30  Zergling x4  
Tags
 
Add a new tag
Caveats
  • Supply blocks, unpowered buildings, or Contaminate may cause inaccurate times.
  • Supply counts are checked every 10 seconds.